AoeStats
← 沒起房子我日

Pilgrims

507398099Analyzed
4v4 RM · 15d ago on Sep 18, 2026· 29m 42s· 8 players
Game mode
Random Map
Map size
Large (8 player)
Population
200
Speed
Normal
Resources
Standard
Victory
Conquest
Starting age
Dark Age
Ending age
Imperial Age
RankedLock teamsTeams togetherTeam positionsShared explorationLock speedFull tech treeHidden civsTurbo modeCheats
Victory
Defeat
🇹🇼 Japanese · Taiwan
1411
+14
🇵🇪 Inca · Peru
1359
+17
🇹🇼 Vikings · Taiwan
1353
+17
🇩🇴 Spanish · Dominican Republic
1345
+17
🇦🇺 Lithuanians · Australia
1439
-19
🇺🇸 Italians · United States
1437
-19
🇺🇸 Teutons · United States
1307
-14
🇺🇾 Persians · Uruguay
1301
-13
疫拳抄人
11:43 Feudal Age
15:30 Castle Age
13:18 Double-Bit Axe
14:02 Fishing Lines
14:22 Fletching
14:46 Town Watch
15:47 Gold Mining
16:10 Bodkin Arrow
16:55 Bow Saw
17:10 Loom
21:42 Clinker Construction
22:14 Gillnets
23:21 Ballistics
23:10 Town Patrol
24:15 Careening
25:09 Horse Collar
30:16 Scale Mail Armor
沒起房子我日
9:34 Loom
12:55 Feudal Age
13:58 Fishing Lines
16:52 Castle Age
14:53 Double-Bit Axe
16:10 Forging
15:44 Horse Collar
17:09 Town Watch
17:55 Medium Warships
18:10 Bow Saw
20:19 Wheelbarrow
23:45 Hand Cart
24:49 Heavy Plow
25:49 Gold Mining
25:51 Stone Mining
León Sin Melena
5:01 Loom
9:45 Feudal Age
13:39 Town Watch
13:48 Fletching
22:24 Castle Age
20:51 Double-Bit Axe
30:36 Sanctity
Malcolm Little
14:27 Feudal Age
12:43 Loom
15:50 Double-Bit Axe
20:13 Castle Age
18:16 Padded Archer Armor
19:13 Horse Collar
19:25 Gold Mining
20:25 Town Watch
GareBear330
5:11 Loom
12:11 Feudal Age
15:19 Town Watch
17:08 Fletching
20:33 Castle Age
18:32 Double-Bit Axe
21:23 Bodkin Arrow
21:42 Medium Warships
_Cypress_
5:24 Loom
12:00 Feudal Age
17:53 Castle Age
15:52 Double-Bit Axe
19:32 Medium Warships
19:09 Demolition Ship
24:36 Wheelbarrow
Mattila_the_Hunt
3:44 Loom
10:51 Feudal Age
14:56 Castle Age
14:18 Stone Mining
14:19 Double-Bit Axe
14:53 Horse Collar
28:20 Scale Barding Armor
G31GER
7:48 Loom
22:31 Feudal Age
28:02 Fletching
Connection lost

Rejoining the realm…

Still unreachable

The connection could not be restored.

Session expired

The server has moved on; the page needs a fresh start.